 Dungeon Sprint DCSS version 0.21.1-1-g345015f (webtiles) character file.

0 doot the Archer (level 3, -8/29 HPs)
             Began as a Centaur Hunter on June 7, 2018.
             Was an Initiate of Okawaru.
             Mangled by a soldier ant (11 damage)
             ... in the Dungeon (Sprint VI: "Thunderdome").
             The game lasted 00:01:47 (79 turns).

doot the Archer (Centaur Hunter)                      Turns: 79, Time: 00:01:48

Health: -8/29      AC:  4    Str: 14    XL:     3   Next: 51%
Magic:  3/3        EV:  9    Int: 10    God:    Okawaru [......]
Gold:   116        SH:  0    Dex: 10    Spells: 2/2 levels left

rFire    . . .     SeeInvis .   a - +1 shortbow
rCold    . . .     Gourm    .   (shield currently unavailable)
rNeg     . . .     Faith    .   c - +0 leather armour
rPois    .         Spirit   .   (no helmet)
rElec    .         Reflect  .   (no cloak)
rCorr    .         Harm     .   (no gloves)
MR       .....     NoTele   +   (no barding)
Stlth    +.........             (no amulet)
HPRegen  0.09/turn              (no ring)
MPRegen  0.08/turn              (no ring)

@: lethally poisoned (-8 -> -13), berserk cooldown, very slightly contaminated,
slowed
A: large, hooves 3, deformed body, speed 2, tough skin 3
a: Renounce Religion


You were in the Dungeon.
You worshipped Okawaru.
Okawaru was noncommittal.
You were not hungry.

You visited 1 branch You collected 200 gold pieces.
You spent 84 gold pieces at shops.

Inventory:

Hand Weapons
 a - a +1 shortbow (weapon)
 b - a +0 short sword
Missiles
 d - 2 arrows (quivered)
Armour
 c - a +0 leather armour (worn)
Wands
 l - a wand of acid (5)
 m - a wand of iceblast (5)
Scrolls
 k - 3 scrolls of blinking
 n - 3 scrolls of fog
Potions
 e - 3 potions of curing
 g - 4 potions of heal wounds
 h - 4 potions of haste
 i - 2 potions of magic
 o - a potion of resistance
Comestibles
 f - a ration


   Skills:
 + Level 2.3 Fighting
 * Level 10.2 Bows
 + Level 0.1 Armour
 + Level 1.7 Dodging
 + Level 0.5 Stealth


You had 2 spell levels left.
You didn't know any spells.

Dungeon Overview and Level Annotations

Branches:
Dungeon (1/1)

Altars:
Cheibriados
Dithmenos
Fedhas
Gozag
Kikubaaqudgha
Makhleb
Okawaru
Qazlal
Ru
Sif Muna
Trog
Uskayaw
Vehumet
Wu Jian
Xom
Yredelemnul
Zin
The Shining One
Beogh
Jiyva
Lugonu

Shops:
D *[%??*?*:[((!!!!


Innate Abilities, Weirdness & Mutations

You have hooves in place of feet.
Armour fits poorly on your strangely shaped body.
You cover ground very quickly.
You have extremely tough skin. (AC +3)


Message History

You shoot an arrow. The arrow hits the worker ant.
The worker ant is moderately wounded.
* * * LOW HITPOINT WARNING * * *
You feel sick.
Unknown command.
Firing (i - inventory):
d - 4 arrows (quivered)
Press: ? - help, Shift-Dir - straight line, f/p - worker ant
Aim: a worker ant (moderately wounded)
You shoot an arrow.
The arrow hits the soldier ant but does no damage.
* * * LOW HITPOINT WARNING * * *
You feel sick. The soldier ant completely misses you. The worker ant bites you.
* * * LOW HITPOINT WARNING * * *
Firing (i - inventory):
d - 3 arrows (quivered)
Press: ? - help, Shift-Dir - straight line, f/p - worker ant
Aim: a worker ant (moderately wounded)
You shoot an arrow. The arrow hits the worker ant.
The worker ant is heavily wounded.
The soldier ant stings you!
You die...

##∩.....∩## #∩.......∩#
#_......._# #_......._#
#_......._# ###.........###
#⌠....a......⌠#
######.8..@aa...(8.#####
#∩_._......###.......__∩
∩........8.# #.8........∩##
...........###.............
........###...###a.........
........# #.<.# #........a.
........###...###(.........
...........###..(..........
∩........8.# #.8...(....∩#


You could see 2 soldier ants and a worker ant.

Vanquished Creatures
  2 worker ants (D)
2 creatures vanquished.

Notes
Turn   | Place    | Note
-------+----------+-------------------------------------------
     0 | D        | doot the Centaur Hunter began the quest for the Orb.
     0 | D        | Reached XP level 1. HP: 17/17 MP: 1/1
     1 | D        | Found a stormy altar of Qazlal.
     2 | D        | Found a snail-covered altar of Cheibriados.
     2 | D        | Found a hide-covered altar of Uskayaw.
     3 | D        | Found a glowing golden altar of the Shining One.
     3 | D        | Found a viscous altar of Jiyva.
     4 | D        | Found Giqiekleaju's Distillery.
     4 | D        | Found a burning altar of Makhleb.
     4 | D        | Found a shimmering altar of Xom.
     4 | D        | Found Selunny's Do-It-Yourself Clinic.
     5 | D        | Found a glowing silver altar of Zin.
     6 | D        | Found an ancient bone altar of Kikubaaqudgha.
     6 | D        | Found a sacrificial altar of Ru.
     6 | D        | Found a deep blue altar of Sif Muna.
     6 | D        | Found Voqoaf's Staff Store.
     6 | D        | Found Ukao's Magic Scroll Shop.
     7 | D        | Found Catashypn's Must-Have Magic.
     7 | D        | Found Qoor's Magic Scroll Shop.
     8 | D        | Round 1.
    10 | D        | Found a basalt altar of Yredelemnul.
    12 | D        | Found a corrupted altar of Lugonu.
    13 | D        | Found Zil Raa's Delicious Food.
    14 | D        | Found Cudiegamn's Jewellery.
    14 | D        | Found Goidac's Advanced Armour.
    14 | D        | Found a radiant altar of Vehumet.
    14 | D        | Found a roughly hewn altar of Beogh.
    14 | D        | Found an opulent altar of Gozag.
    14 | D        | Found Juinloin's Identification Station.
    18 | D        | Found a shadowy altar of Dithmenos.
    19 | D        | Found a bloodstained altar of Trog.
    20 | D        | Found a blossoming altar of Fedhas.
    21 | D        | Found an ornate altar of the Wu Jian Council.
    21 | D        | Found an iron altar of Okawaru.
    21 | D        | Found Ova Pioziom's Premium Goods.
    21 | D        | Found Iceingan's Weapon Rack.
    22 | D        | Found Ytiacren's Miscellaneous Merchandise.
    22 | D        | Found Miada's Basic Armour.
    24 | D        | Noticed a worker ant
    29 | D        | Became a worshipper of Warmaster Okawaru
    37 | D        | Killed a worker ant
    37 | D        | Reached skill level 8 in Bows
    37 | D        | Reached XP level 2. HP: 7/24 MP: 2/2
    46 | D        | Reached skill level 10 in Bows
    46 | D        | Reached XP level 3. HP: 11/29 MP: 3/3
    56 | D        | Found Pisyss's Bottled Wisdom.
    57 | D        | Found Tynta's Distillery.
    62 | D        | Bought 4 potions of curing for 84 gold pieces
    62 | D        | Noticed a soldier ant
    65 | D        | Noticed a soldier ant
    79 | D        | Mangled by a soldier ant

Skill      XL: |  1  2 |
---------------+-------+-----
Bows           | 8 10 | 10.2
Fighting       | |  2.3
Armour         | |  0.1
Dodging        | |  1.7
Stealth        | |  0.5

Action                   || total
-------------------------++-------
Melee: Short sword       ||     2
       Kick              ||     1
 Fire: Shortbow          ||    18
  Use: Potion            ||     3
       Scroll            ||     1
Armor: Leather armour    ||     4
Dodge: Dodged            ||     3
